 Dungeon Crawl Stone Soup version 0.17.1-3-g152610e (webtiles) character file.

5581 Glider the Severer (level 10, -15/77 HPs)
             Began as a Hill Orc Gladiator on Apr 24, 2016.
             Was a Believer of Qazlal.
             Killed from afar by a gargoyle (25 damage)
             ... with a stone arrow
             ... on level 10 of the Dungeon.
             The game lasted 00:33:53 (13341 turns).

Glider the Severer (Hill Orc Gladiator)            Turns: 13341, Time: 00:33:53

Health: -15/77     AC:  6    Str: 15 (17) XL:     10   Next: 72%
Magic:  14/14      EV: 10    Int:  8      God:    Qazlal [**....]
Gold:   470        SH: 11    Dex: 11 (14) Spells: 0 memorised, 9 levels left

rFire  . . .     SeeInvis .     K - +4 war axe (freeze)
rCold  . . .     Clarity  +     b - +0 leather armour
rNeg   . . .     SustAt   .     x - +0 shield (curse)
rPois  .         Gourm    .     c - +1 helmet
rElec  .         Spirit   .     (no cloak)
rCorr  .         Warding  .     (no gloves)
rMut   .         Stasis   +     B - +0 pair of boots
MR     .....                    i - amulet of stasis
Stlth  +.........               (no ring)
                                (no ring)

@: not resistant to hostile enchantments, very unstealthy
A: clarity, deterioration 1, frail 1, spit poison 1, weak 1, MP-powered wands
a: Spit Poison, Upheaval, Renounce Religion


You were on level 10 of the Dungeon.
You worshipped Qazlal.
Qazlal was pleased with you.
You were not hungry.

You visited 2 branches of the dungeon, and saw 11 of its levels.

You collected 470 gold pieces.

Inventory:

Hand Weapons
 a - a +1 war axe
 K - a +4 war axe of freezing (weapon)
Missiles
 d - 5 throwing nets (quivered)
 y - 7 steel javelins
 G - 4 tomahawks
Armour
 b - a +0 leather armour (worn)
 c - a +1 helmet (worn)
 x - a cursed +0 shield (worn)
 B - a +0 pair of boots (worn)
Jewellery
 i - an amulet of stasis (around neck)
 w - an uncursed ring of ice
Wands
 u - a wand of lightning (8)
 A - a wand of confusion (23)
Scrolls
 f - a scroll of fog {unknown}
 h - 6 scrolls of remove curse
 k - 2 scrolls of enchant armour
 o - a scroll of vulnerability {unknown}
 p - 3 scrolls of teleportation
 s - 3 scrolls of amnesia {unknown}
 C - a scroll of immolation {unknown}
 I - a scroll of magic mapping {unknown}
Potions
 l - 2 potions of invisibility
 m - 2 potions of cancellation
 n - a potion of flight
 q - 2 potions of curing
 v - 2 potions of berserk rage
 z - 2 potions of resistance {unknown}
 E - 2 potions of brilliance {unknown}
 F - a potion of magic {unknown}
Books
 g - a book of Beasts

   Spells                             Type                      Level
   a - Summon Butterflies             Summoning                    1
   b - Call Canine Familiar           Summoning                    3
   c - Summon Ice Beast               Ice/Summoning                4
   d - Summon Mana Viper              Hexes/Summoning              5
   e - Summon Hydra                   Summoning                    7
 D - a book of Debilitation

   Spells                             Type                      Level
   a - Corona                         Hexes                        1
   b - Slow                           Hexes                        2
   c - Gell's Gravitas                Hexes/Translocation          3
   d - Inner Flame                    Hexes/Fire                   3
   e - Cause Fear                     Hexes                        4
   f - Leda's Liquefaction            Hexes/Earth                  4
Comestibles
 e - 9 bread rations
 j - 14 fruits
 r - 8 beef jerkies
 t - 2 meat rations
 H - a chunk of flesh


   Skills:
 + Level 7.6 Fighting
 * Level 15.7 Axes
 - Level 1.7 Throwing
 - Level 3.0 Armour
 - Level 3.0 Dodging
 + Level 3.5 Shields
 * Level 6.6 Invocations


You had 9 spell levels left.
You didn't know any spells.

Dungeon Overview and Level Annotations

Branches:
Dungeon (10/15)            Temple (1/1) D:7            Lair (0/8) D:8
    Orc: D:9-12

Altars:
Ashenzari
Cheibriados
Dithmenos
Elyvilon
Fedhas
Gozag
Kikubaaqudgha
Makhleb
Nemelex Xobeh
Okawaru
Qazlal
Ru
Sif Muna
Trog
Vehumet
Xom
Yredelemnul
Zin
The Shining One

Annotations:
D:2 Sigmund


Innate Abilities, Weirdness & Mutations

You possess an exceptional clarity of mind.
Your body sometimes deteriorates upon taking damage.
You are frail (-10% HP).
You can spit weak poison.
You are weak. (Str -2)
You expend magic power (3 MP) to strengthen your wands.


Message History

You are too injured to fight recklessly!
You barely miss the gargoyle.
The gargoyle is heavily damaged.
The gargoyle hurls a stone arrow at you.
You block the stone arrow.
A giant frog comes into view.
The giant frog gives a loud, deep croak!
You hit the gargoyle but do no damage.
The gargoyle is heavily damaged.
The gargoyle hits you with a flail of holy wrath!
* * * LOW HITPOINT WARNING * * *
Your body deteriorates!
You feel clumsy.
The gargoyle hurls a stone arrow at you.
The stone arrow hits you!
* * * LOW HITPOINT WARNING * * *
Drink which item? (? for menu, Esc to quit)
You feel better.
The gargoyle hurls a stone arrow at you.
The stone arrow hits you!
You die...

#...........#
#...#####.######
#...# #.#....#
#...#####.#....#
###..#.........#
##.#.........#
#.####..........##
#.....#.........#
#####.#ยง@.......#
#.#.........#
#.#..9...####
..#..F...#
..#......#
..###+#'## ...# ..
... ....


You could see a gargoyle and a giant frog.

Vanquished Creatures
  A wraith (D:9)
  A swamp worm (D:8)
  A hippogriff (D:8)
  A steam dragon (D:8)
  A water moccasin (D:7)
  3 soldier ants (D:10)
  An eye of draining (D:7)
  2 ice beasts
  3 sky beasts
  8 ogres
  A phantom (D:6)
  4 centaurs
  A necrophage (D:9)
  Blork the orc (D:4)
  An elf zombie (D:9)
  3 big kobolds
  A brain worm (D:8)
  6 giant frogs
  5 scorpions
  4 wights
  4 crimson imps
  5 human zombies (D:9)
  2 quasits (D:6)
  2 centaur skeletons
  A giant frog skeleton (D:9)
  3 hounds
  3 iguanas
  12 worker ants
  14 orc wizards
  3 mummies (D:9)
  6 gnolls
  13 adders
  3 shadow imps
  An ooze (D:4)
  2 adder skeletons
  12 worms
  6 giant geckos
  30 orcs
  4 giant cockroaches
  11 hobgoblins
  10 jackals
  7 quokkas
  A ball python (D:4)
  6 bats
  2 giant gecko skeletons
  5 giant newts
  14 goblins
  A jackal skeleton (D:5)
  18 kobolds
  An orc zombie (D:9)
  A quokka zombie (D:6)
  6 rats
258 creatures vanquished.

Vanquished Creatures (others)
  4 plants (D:8)
4 creatures vanquished.

Grand Total: 262 creatures vanquished

Notes
Turn   | Place    | Note
--------------------------------------------------------------
     0 | D:1      | Glider the Hill Orc Gladiator began the quest for the Orb.
     0 | D:1      | Reached XP level 1. HP: 18/18 MP: 1/1
   167 | D:1      | Reached XP level 2. HP: 25/25 MP: 2/2
   222 | D:1      | Reached skill level 5 in Axes
   496 | D:1      | Reached XP level 3. HP: 30/30 MP: 3/3
   857 | D:2      | Found a glowing golden altar of the Shining One.
   871 | D:2      | Reached skill level 6 in Axes
   876 | D:2      | Became a worshipper of the Shining One
  1103 | D:2      | Reached XP level 4. HP: 25/37 MP: 4/4
  1257 | D:2      | Noticed Sigmund
  1680 | D:3      | Reached skill level 7 in Axes
  1966 | D:3      | Noticed a giant frog
  1978 | D:3      | Gained mutation: You can spit weak poison. [potion of mutation]
  1978 | D:3      | Gained mutation: You are weak. (Str -2) [potion of mutation]
  1978 | D:3      | Gained mutation: You are frail (-10% HP). [potion of mutation]
  1987 | D:3      | Killed a giant frog
  1987 | D:3      | Reached skill level 8 in Axes
  1987 | D:3      | Reached XP level 5. HP: 23/37 MP: 5/5
  2164 | D:3      | Gained mutation: You possess an exceptional clarity of mind. [potion of mutation]
  2164 | D:3      | Gained mutation: You are agile. (Dex +2) [potion of mutation]
  2164 | D:3      | Gained mutation: Your body sometimes deteriorates upon taking damage. [potion of mutation]
  2757 | D:4      | Reached XP level 6. HP: 27/45 MP: 6/6
  2943 | D:4      | Reached * piety under the Shining One
  3009 | D:4      | Noticed Blork the orc
  3012 | D:4      | Reached skill level 9 in Axes
  3022 | D:4      | Killed Blork the orc
  3632 | D:4      | Found a shadowy altar of Dithmenos.
  3998 | D:5      | Entered Level 5 of the Dungeon
  4079 | D:5      | Reached skill level 10 in Axes
  4079 | D:5      | Reached XP level 7. HP: 50/50 MP: 7/7
  4316 | D:5      | Reached skill level 11 in Axes
  4639 | D:5      | Reached XP level 8. HP: 14/55 MP: 8/8
  4884 | D:5      | Reached skill level 12 in Axes
  4913 | D:5      | HP: 2/55 [poisoned by a scorpion]
  4921 | D:5      | HP: 2/55 [poisoned by a scorpion]
  5590 | D:5      | Reached skill level 1 in Armour
  5811 | D:5      | Reached ** piety under the Shining One
  5971 | D:6      | HP: 2/59 [poisoned by a scorpion]
  6406 | D:6      | Reached skill level 13 in Axes
  6573 | D:6      | Reached skill level 1 in Invocations
  6643 | D:6      | Reached XP level 9. HP: 58/63 MP: 8/10
  7422 | D:6      | Reached skill level 5 in Fighting
  7644 | D:6      | Lost mutation: You are agile. (Dex +2) [potion of mutation]
  7644 | D:6      | Gained mutation: You expend magic power (3 MP) to strengthen your wands. [potion of mutation]
  7981 | D:7      | Found a shimmering altar of Xom.
  7985 | D:7      | Noticed an angel
  7987 | D:7      | Found a glowing silver altar of Zin.
  8190 | D:7      | Reached skill level 14 in Axes
  8575 | D:7      | Reached *** piety under the Shining One
  8618 | D:7      | Found a bloodstained altar of Trog.
  8962 | D:7      | Found a staircase to the Ecumenical Temple.
  8971 | Temple   | Entered the Ecumenical Temple
  9021 | Temple   | Fell from the grace of the Shining One
  9021 | Temple   | Became a worshipper of Qazlal Stormbringer
  9223 | D:8      | Reached skill level 5 in Invocations
  9545 | D:8      | Reached XP level 10. HP: 66/75 MP: 13/13
  9707 | D:8      | Found a staircase to the Lair.
 10123 | D:7      | Reached * piety under Qazlal
 10123 | D:7      | Reached skill level 1 in Shields
 10808 | D:8      | Found a sparkling altar of Nemelex Xobeh.
 10926 | D:8      | Reached skill level 15 in Axes
 12047 | D:8      | Noticed a purple ugly thing
 12580 | D:9      | Reached ** piety under Qazlal
 12723 | D:9      | Found a basalt altar of Yredelemnul.
 12892 | D:10     | Entered Level 10 of the Dungeon
 13340 | D:10     | HP: 3/77 [gargoyle/stone arrow (12)]
 13341 | D:10     | Killed from afar by a gargoyle

Action                   |  1- 3 |  4- 6 |  7- 9 | 10-12 || total
-------------------------+-------+-------+-------+-------++-------
Melee: War axe           |    93 |   163 |   323 |   352 ||   931
  Use: Potion            |       |     5 |     5 |     2 ||    12
       Scroll            |       |     8 |     3 |     3 ||    14
  Eat: Chunk             |     1 |     9 |    12 |    13 ||    35
       Meat ration       |       |       |     1 |       ||     1
